 Dungeon Crawl Stone Soup version 0.18.1-6-gd335043 (webtiles) character file.

14028 dwasdwasdwas the Carver (level 11, 0/101 HPs)
             Began as a Minotaur Fighter on May 16, 2016.
             Was a High Priest of Okawaru.
             Slain by Snorg (3 damage)
             ... on level 12 of the Dungeon.
             The game lasted 00:37:26 (12076 turns).

dwasdwasdwas the Carver (Minotaur Fighter)         Turns: 12076, Time: 00:37:27

Health: 0/101      AC: 17    Str: 33    XL:     11   Next: 83%
Magic:  5/10       EV: 18    Int:  5    God:    Okawaru [*****.]
Gold:   224        SH:  0    Dex: 14    Spells: 0 memorised, 10 levels left

rFire  + . .     SeeInvis .     t - +1 great sword of Autumn {vamp, +Blink rF- Str+5}
rCold  + + .     Gourm    .     q - +0 chain mail
rNeg   . . .     Faith    .     (shield currently unavailable)
rPois  +         Spirit   .     (helmet restricted)
rElec  +         Dismiss  .     m - +2 cloak {MR+}
rCorr  +         Reflect  .     (no gloves)
SustAt +         Harm     .     y - +0 pair of boots
MR     ++...                    R - amulet of rage
Stlth  ..........               J - ring of resist corrosion
                                E - ring of sustain attributes

@: mighty, agile, resistant, finesse, very slightly contaminated, invisible
(expiring), very resistant to hostile enchantments, extremely unstealthy
A: retaliatory headbutt, horns 2, talons 1, cold resistance 1, fire resistance
1, magic resistance 1, weak 1, subdued magic 1
a: Heroism, Finesse, Renounce Religion, Evoke Blink, Evoke Berserk Rage


You were on level 12 of the Dungeon.
You worshipped Okawaru.
Okawaru was extremely pleased with you.
You were not hungry.

You visited 2 branches of the dungeon, and saw 13 of its levels.
You also visited: Sewer and Bailey.

You collected 560 gold pieces.
You spent 336 gold pieces at shops.

Inventory:

Hand Weapons
 d - the cursed +0 spear of Xyafosh {flame, Str+2}
   (You found it on level 9 of the Dungeon)

   It has been specially enchanted to burn those struck by it, causing extra
   injury to most foes and up to half again as much damage against particularly
   susceptible opponents.
   It affects your strength (+2).
   It has a curse placed upon it.
 s - a +6 demon whip of venom
 t - the +1 great sword of Autumn (weapon) {vamp, +Blink rF- Str+5}
   (You found it on level 6 of the Dungeon)

   It inflicts no extra harm, but heals its wielder somewhat when it strikes a
   living foe.
   It affects your strength (+5).
   It makes you vulnerable to fire.
   It lets you blink.
Armour
 m - a +2 cloak of magic resistance (worn)
 q - a +0 chain mail (worn)
 y - a +0 pair of boots (worn)
Jewellery
 f - a +2 ring of dexterity
 E - a ring of sustain attributes (left hand)
 J - a ring of resist corrosion (right hand)
 R - an amulet of rage (around neck)
 W - an uncursed ring of fire {unknown}
Wands
 g - a wand of polymorph (10/24)
 z - a wand of lightning (5/15)
 C - a wand of iceblast (4/15)
 F - a wand of flame (35/48)
 G - a wand of flame (22/48)
 P - a wand of hasting (3/9)
Scrolls
 c - a scroll of enchant armour {unknown}
 i - 2 scrolls of blinking {unknown}
 n - a scroll of immolation
 p - 2 scrolls of magic mapping
 u - a scroll of recharging
 w - a scroll of teleportation
 A - 4 scrolls of enchant weapon
 K - a scroll of remove curse
 O - 2 scrolls of amnesia {unknown}
 V - a scroll of summoning
Potions
 b - a potion of might
 e - 3 potions of magic
 l - 2 potions of beneficial mutation {unknown}
 o - a potion of lignification
 r - a potion of brilliance
 I - 5 potions of degeneration {unknown}
 M - a potion of invisibility
Books
 k - a Grand Grimoire

   Spells                             Type                      Level
   a - Monstrous Menagerie            Summoning                    7
   b - Summon Greater Demon           Summoning                    7
   c - Malign Gateway                 Summoning/Translocation      7
   d - Summon Horrible Things         Summoning                    8
 H - a book of Power

   Spells                             Type                      Level
   a - Fulminant Prism                Conjuration/Hexes            4
   b - Iskenderun's Mystic Blast      Conjuration                  4
   c - Venom Bolt                     Conjuration/Poison           5
   d - Bolt of Magma                  Conjuration/Fire/Earth       5
   e - Iron Shot                      Conjuration/Earth            6
   f - Orb of Destruction             Conjuration                  7
   g - Spellforged Servitor           Conjuration/Summoning        7
 N - an Akashic Record

   Spells                             Type                      Level
   a - Dispersal                      Translocation                6
   b - Malign Gateway                 Summoning/Translocation      7
   c - Disjunction                    Translocation                8
   d - Controlled Blink               Translocation                8
 Q - a book of the Tempests

   Spells                             Type                      Level
   a - Static Discharge               Conjuration/Air              3
   b - Lightning Bolt                 Conjuration/Air              5
   c - Fireball                       Conjuration/Fire             5
   d - Tornado                        Air                          9
   e - Shatter                        Earth                        9
Comestibles
 j - 28 fruits
 B - a bread ration
 D - a slice of pizza


   Skills:
 + Level 10.7 Fighting
 * Level 11.8 Long Blades
 - Level 6.9 Polearms
 + Level 11.6 Armour
 + Level 6.8 Dodging
 + Level 1.0 Stealth
   Level 8.5 Shields


You had 10 spell levels left.
You didn't know any spells.

Dungeon Overview and Level Annotations

Branches:
Dungeon (12/15)            Temple (0/1) D:5            Lair (1/8) D:8
    Orc (0/2) D:11

Altars:
Ashenzari
Cheibriados
Dithmenos
Elyvilon
Kikubaaqudgha
Okawaru
Sif Muna
Trog
Yredelemnul
Beogh

Shops:
D:9 !

Annotations:
D:2 Natasha, Sigmund
D:10 NoLuckNoSkill's ghost, novice DECj
D:12 Snorg


Innate Abilities, Weirdness & Mutations

You reflexively headbutt those who attack you in melee.
You have a pair of horns on your head.
You have sharp toenails.
Your flesh is cold resistant.
Your flesh is heat resistant.
You are resistant to hostile enchantments.
You are weak. (Str -2)
Your spells are a little easier to cast, but a little less powerful.


Message History

Snorg misses you. You furiously retaliate!
You headbutt Snorg! Snorg claws you!
* * * LOW HITPOINT WARNING * * *
Snorg closely misses you.
You hear the loud crackling of a distant melting archway.
Snorg rages.
Snorg closely misses you. Snorg barely misses you.
Snorg claws you but does no damage. Snorg misses you.
Snorg claws you but does no damage. Snorg claws you!
* * * LOW HITPOINT WARNING * * *
Drink which item? (? for menu, Esc to quit)
You feel very mighty all of a sudden.
Snorg is no longer berserk.
Snorg barely misses you. Snorg closely misses you.
Snorg claws you but does no damage.
You can now deal lightning-fast blows.
You feel somewhat more hungry. Snorg barely misses you. x2
Snorg completely misses you.
You fail to use your ability.
You flicker for a moment.
You fail to use your ability.
Snorg bites you.
You die...

#................#.
....####.......##...
....##.#............
...................
...................
#..##.#.###......#.
#......)..#..###.#
#.....#.###T.....#
#.........@.....)#
≈≈≈≈≈..............
.###≈...##.......#.
#≈...##...###.#
##≈..............
#.≈..###...#...#.
#.≈............#
#.≈...##...#...#
#.≈...##...#...#


You could see Snorg.

Vanquished Creatures
  An orc warlord (Bailey)
  An unseen horror (D:7)
  A hill giant (D:11)
  A gargoyle (D:9)
  A komodo dragon (D:12)
  2 trolls
  A two-headed ogre (D:11)
  Grinder (D:4)
  Prince Ribbit (D:5)
  Eustachio (D:4)
  15 yaks
  A wyvern (D:9)
  A hippogriff (D:7)
  A hungry ghost (D:11)
  A steam dragon (D:11)
  A water moccasin (D:11)
  2 porcupines (D:8)
  Duvessa (D:4)
  4 ice beasts
  9 orc warriors
  4 sky beasts
  A black bear (D:11)
  4 phantoms
  3 centaurs
  3 ogres (D:7)
  A crocodile (D:8)
  2 big kobolds
  10 giant frogs
  A gnoll sergeant (D:8)
  A wyvern zombie (D:9)
  Dowan (D:4)
  A wyvern skeleton (D:8)
  4 scorpions
  3 killer bees (D:8)
  5 wights (D:7)
  A crimson imp (D:3)
  A giant frog zombie (D:9)
  2 centaur zombies
  6 hounds
  A quasit (D:9)
  4 centaur skeletons
  6 jellies
  2 giant frog skeletons
  11 orc priests
  13 orc wizards
  Jessica (D:3)
  5 iguanas
  6 worker ants
  A hound skeleton (D:4)
  A howler monkey skeleton (D:8)
  19 adders
  12 gnolls
  7 river rats
  7 shadow imps
  An adder skeleton (D:9)
  2 worms
  3 dart slugs
  4 giant geckos
  55 orcs
  9 ball pythons
  10 giant cockroaches
  16 goblins
  9 hobgoblins
  6 jackals
  31 kobolds
  4 quokkas
  3 bats
  6 giant newts
  A jackal skeleton (D:6)
  A jackal zombie (D:6)
  27 rats
  A spectral orc (D:4)
386 creatures vanquished.

Vanquished Creatures (collateral kills)
  A shadow imp (D:7)
1 creature vanquished.

Vanquished Creatures (others)
  A quokka (D:8)
  A plant (D:3)
2 creatures vanquished.

Grand Total: 389 creatures vanquished

Notes
Turn   | Place    | Note
--------------------------------------------------------------
     0 | D:1      | dwasdwasdwas the Minotaur Fighter began the quest for the Orb.
     0 | D:1      | Reached XP level 1. HP: 19/19 MP: 0/0
    91 | D:1      | Reached XP level 2. HP: 27/27 MP: 1/1
   389 | D:1      | Reached XP level 3. HP: 33/33 MP: 2/2
   726 | D:2      | Noticed Sigmund
   729 | D:2      | Noticed Natasha
   922 | D:3      | Reached XP level 4. HP: 36/40 MP: 3/3
  1013 | D:3      | Reached skill level 1 in Dodging
  1105 | D:3      | Reached XP level 5. HP: 46/46 MP: 4/4
  1171 | D:3      | Found a glowing drain.
  1213 | Sewer    | Entered a sewer
  1345 | Sewer    | Reached skill level 5 in Armour
  1345 | Sewer    | Reached skill level 5 in Shields
  1473 | Sewer    | Reached XP level 6. HP: 28/53 MP: 5/5
  2686 | D:3      | Reached skill level 5 in Fighting
  2686 | D:3      | Reached XP level 7. HP: 61/61 MP: 6/6
  2818 | D:3      | Noticed Jessica
  2820 | D:3      | Killed Jessica
  3157 | D:4      | Found a basalt altar of Yredelemnul.
  3253 | D:4      | Noticed Eustachio
  3299 | D:4      | Noticed Grinder
  3300 | D:4      | Noticed Dowan
  3303 | D:4      | Paralysed by Grinder for 5 turns
  3326 | D:4      | Paralysed by Grinder for 6 turns
  3348 | D:4      | Paralysed by Grinder for 4 turns
  3353 | D:4      | Killed Grinder
  3353 | D:4      | Reached skill level 5 in Polearms
  3399 | D:4      | Noticed Duvessa
  3402 | D:5      | Entered Level 5 of the Dungeon
  3643 | D:5      | Noticed Prince Ribbit
  3705 | D:5      | Killed Prince Ribbit
  3705 | D:5      | Reached XP level 8. HP: 65/70 MP: 7/7
  4052 | D:5      | Found a staircase to the Ecumenical Temple.
  4134 | D:5      | Found an iron altar of Okawaru.
  4141 | D:5      | Became a worshipper of Warmaster Okawaru
  4486 | D:5      | Found a shadowy altar of Dithmenos.
  4492 | D:5      | Found a snail-covered altar of Cheibriados.
  4648 | D:4      | Killed Duvessa
  4666 | D:4      | Killed Dowan
  4695 | D:4      | Killed Eustachio
  4863 | D:4      | Reached XP level 9. HP: 73/79 MP: 8/8
  4871 | D:4      | Gained mutation: You are weak. (Str -2) [potion of mutation]
  4871 | D:4      | Gained mutation: You have sharp toenails. [potion of mutation]
  4871 | D:4      | Gained mutation: Your spells are a little easier to cast, but a little less powerful. [potion of mutation]
  5312 | D:6      | Reached * piety under Okawaru
  5526 | D:6      | Found a deep blue altar of Sif Muna.
  5555 | D:6      | Got an iridescent great sword
  5556 | D:6      | Identified the +1 great sword of Autumn {vamp, +Blink rF- Str+5} (You found it on level 6 of the Dungeon)
  5955 | D:7      | Found a bloodstained altar of Trog.
  6009 | D:7      | Reached skill level 1 in Long Blades
  6139 | D:7      | Found a shattered altar of Ashenzari.
  6538 | D:6      | Reached skill level 5 in Dodging
  6558 | D:7      | Killed an unseen horror
  6558 | D:7      | Reached ** piety under Okawaru
  6987 | D:7      | Reached XP level 10. HP: 90/90 MP: 9/9
  7860 | D:7      | Reached *** piety under Okawaru
  8018 | D:8      | Reached skill level 5 in Long Blades
  8033 | D:8      | Found a flagged portal.
  8268 | D:8      | Reached skill level 10 in Armour
  8421 | D:8      | Found a staircase to the Lair.
  8637 | Lair:1   | Entered Level 1 of the Lair of Beasts
  8852 | D:8      | Found a white marble altar of Elyvilon.
  9518 | D:9      | Reached **** piety under Okawaru
  9551 | D:9      | Found Kakloegh's Distillery.
  9561 | D:9      | Bought a potion of berserk rage for 80 gold pieces
  9561 | D:9      | Bought 2 potions of invisibility for 256 gold pieces
  9626 | D:9      | Got a crystal spear
  9627 | D:9      | Identified the cursed +0 spear of Xyafosh {flame, Str+2} (You found it on level 9 of the Dungeon)
  9977 | D:9      | Noticed a gargoyle
  9990 | D:9      | Killed a gargoyle
  9990 | D:9      | Reached skill level 1 in Stealth
 10190 | D:9      | Reached XP level 11. HP: 99/99 MP: 10/10
 10398 | D:10     | Entered Level 10 of the Dungeon
 10413 | D:10     | Reached ***** piety under Okawaru
 10442 | D:10     | Noticed NoLuckNoSkill's ghost (novice DECj)
 10476 | D:11     | Gained mutation: Your flesh is heat resistant. [mutagenic meat]
 10477 | D:11     | Gained mutation: Your flesh is cold resistant. [mutagenic meat]
 10478 | D:11     | Gained mutation: You are resistant to hostile enchantments. [mutagenic meat]
 10628 | D:11     | Noticed a hill giant
 10634 | D:11     | Killed a hill giant
 10725 | D:11     | Found a roughly hewn altar of Beogh.
 10725 | D:11     | Found a staircase to the Orcish Mines.
 10762 | D:11     | Reached skill level 10 in Fighting
 10876 | D:11     | Received a gift from Okawaru
 10891 | D:11     | Reached skill level 10 in Long Blades
 11247 | D:11     | Found an ancient bone altar of Kikubaaqudgha.
 11431 | D:12     | Found a flagged portal.
 11450 | Bailey   | Entered a bailey
 11486 | Bailey   | Noticed an orc warlord
 11551 | Bailey   | Found a runed gate.
 11552 | Bailey   | Found a runed gate.
 11553 | Bailey   | Found a runed gate.
 11609 | Bailey   | Killed an orc warlord
 12048 | D:12     | Noticed Snorg
 12072 | D:12     | HP: 2/101 [Snorg (17)]
 12076 | D:12     | Slain by Snorg

Skill      XL: |  1  2  3  4  5  6  7  8  9 10 11 |
---------------+----------------------------------+-----
Shields        | 4 5 6 7 8 |  8.5
Armour         | 4 5 6 7 9 10 11 | 11.6
Polearms       | 3 4 5 6 |  6.9
Fighting       | 4 5 7 8 9 10 | 10.7
Dodging        | 1 2 3 4 5 6 |  6.8
Long Blades    | 4 8 11 | 11.8
Stealth        | 1 |  1.0

Action                   |  1- 3 |  4- 6 |  7- 9 | 10-12 || total
-------------------------+-------+-------+-------+-------++-------
Melee: Trident           |   109 |   295 |   338 |       ||   742
       Headbutt          |    10 |    35 |    67 |   102 ||   214
       Great sword       |       |       |    83 |   524 ||   607
Invok: Heroism           |       |       |       |     1 ||     1
       Finesse           |       |       |       |     1 ||     1
  Use: Scroll            |     2 |     3 |     5 |     7 ||    17
       Potion            |       |       |    14 |    17 ||    31
  Eat: Bread ration      |       |     1 |       |     1 ||     2
       Chunk             |       |     2 |     4 |     6 ||    12
       Meat ration       |       |       |     3 |     2 ||     5
       Beef jerky        |       |       |       |     2 ||     2
       Fruit             |       |       |       |     1 ||     1
       Royal jelly       |       |       |       |     1 ||     1
Armor: Scale mail        |    32 |   111 |       |       ||   143
       Chain mail        |       |    18 |   208 |   346 ||   572
Dodge: Dodged            |    23 |   107 |   122 |   429 ||   681
Block: Shield            |    46 |   174 |   115 |       ||   335
